 Dungeon Crawl Stone Soup version 0.29.1-15-g9cfb28693d (webtiles) character file.

Game seed: 14017107391457590279

49 hawla the Firebug (level 4, -4/49 HPs)
             Began as a Meteoran Fire Elementalist on Mar 14, 2023.
             Killed by divine providence
             ... invoked by an orc priest
              (14 damage)
             ... on level 4 of the Dungeon.
             The game lasted 00:02:13 (368 turns).

hawla the Firebug (Meteoran Fire Elementalist)       Turns: 368, Time: 00:02:13

Health: -4/49      AC:  2    Str: 16    XL:     4   Next: 20%
Magic:  6/9        EV: 12    Int: 18    God:
Gold:   44         SH:  0    Dex: 14    Spells: 8/9 levels left

rFire   . . .      SeeInvis .   i - staff of conjuration
rCold   . . .      Faith    .   (no shield)
rNeg    . . .      Spirit   .   a - +0 robe
rPois   .          Reflect  .   (no helmet)
rElec   .          Harm     .   (no cloak)
rCorr   .          Rampage  .   (no gloves)
Will    .....                   (no boots)
Stlth   ..........              (no amulet)
HPRegen 0.16/turn               f - +6 ring of strength
MPRegen 0.11/turn               (no ring)

@: berserking, glowing, very quick
A: sense surroundings 1, otherworldly, glowing, explore regen
a: no special abilities


You were on level 4 of the Dungeon.
You visited 1 branch of the dungeon, and saw 4 of its levels.

You collected 44 gold pieces.

Inventory:

Armour
 a - a +0 robe (worn)
Magical Staves
 i - a staff of conjuration (weapon)
Jewellery
 f - a +6 ring of strength (left hand)
Potions
 b - a potion of magic
 j - a potion of haste {unknown}
 k - a potion of mutation {unknown}
 l - a potion of resistance {unknown}


   Skills:
 - Level 2.5 Dodging
 - Level 1.4 Stealth
 - Level 3.0 Spellcasting
 - Level 3.0 Conjurations
 - Level 3.8 Fire Magic
 + Level 2.0 Evocations


You had 8 spell levels left.
You knew the following spells:

 Your Spells              Type           Power      Damage    Failure   Level
a - Foxfire               Conj/Fire      88%        2x1d8     4%          1

Your spell library contained the following spells:

 Spells                   Type           Power      Damage    Failure   Level
 Scorch                   Fire           32%        2d7       4%          2
 Conjure Flame            Conj/Fire      22%        6-21      12%         3
 Inner Flame              Hex/Fire       9%         N/A       22%         3
 Flame Wave               Conj/Fire      22%        2d8       36%         4


Dungeon Overview and Level Annotations

Branches:
Dungeon (4/15) Zot: 2032
 Temple: D:4-7

Altars:
Okawaru
The Shining One


Innate Abilities, Weirdness & Mutations

You passively map a small area around you.
You are easily found by Zot.
You glow in the dark.
You regain HP and MP as you explore.


Message History

You kill the orc!
The foxfire hits the orc.
The orc is heavily wounded.
A kobold comes into view. It is wielding a +0 short sword.
Your Evocations skill increases to level 2!
You hit the orc.
You kill the orc!
The foxfire hits the orc warrior!
The orc warrior is moderately wounded.
The foxfire hits the orc warrior but does no damage.
The orc warrior is moderately wounded.
The orc warrior closely misses you.
The orc priest calls upon Beogh to heal the orc warrior.
The orc warrior is healed somewhat.
Casting: Foxfire (safe; 4% risk of failure)
Confirm with . or Enter, or press ? or * to list all spells.
You feel a surge of power!
You conjure some foxfire!
The orc warrior hits you from afar with a +0 halberd!
You hit the orc priest.
The orc priest is lightly wounded.
The foxfire hits the orc priest!
The orc priest is severely wounded.
The foxfire hits the orc priest but does no damage.
The orc priest is severely wounded.
The orc warrior closely misses you.
A goblin comes into view. It is wielding a +0 club.
The orc priest hits you but does no damage.
The orc priest barely misses you.
The orc warrior hits you from afar with a +0 halberd!
* * * LOW HITPOINT WARNING * * *
The orc priest attacks as you move away!
The orc priest hits you with a +0 hand axe.
* * * LOW HITPOINT WARNING * * *
The goblin shouts!
It was a potion of berserk rage.
A red film seems to cover your vision as you go berserk!
You feel yourself moving faster!
You feel mighty!
The orc priest calls down the wrath of Beogh upon you.
Beogh smites you!
You die...

#.##### #.# #.....#
########.# #####.# *,
.......#.# #.# ,
.......#.# #.# .......#.#
* #.# ........#.# ..#
#§#####.........#.# ,
.....#o#.............(.#
,
.....g.goo@............>#
,
.......o#.##..........#.#
, .♣...#..#.#*
##########.# ♣.♣.....#.#
#.# , , .♣.♣....#.#
#########.# ,♣.♣.♣g..#..
..........# ._.♣.♣..###
*########..# , .♣.♣... ,
, #..# #..#


You could see an orc warrior, an orc priest, 2 orcs and 2 goblins.

Vanquished Creatures
  An iguana (D:4)
  An adder (D:2)
  A dart slug (D:1)
  2 orcs (D:4)
  A bat (D:1)
  An endoplasm (D:2)
  A giant cockroach (D:2)
  A hobgoblin (D:4)
  A quokka (D:4)
10 creatures vanquished.

Vanquished Creatures (others)
  40 foxfires
  15 plants (D:4)
55 creatures vanquished.

Grand Total: 65 creatures vanquished

Notes
Turn   | Place    | Note
-------+----------+-------------------------------------------
     0 | D:1      | hawla the Meteoran Fire Elementalist began the quest for
                  | the Orb.
     0 | D:1      | Reached XP level 1. HP: 14/14 MP: 5/5
   118 | D:2      | Reached XP level 2. HP: 20/20 MP: 4/7
   184 | D:2      | Reached XP level 3. HP: 26/26 MP: 5/8
   242 | D:4      | Reached skill level 1 in Evocations
   242 | D:4      | Reached XP level 4. HP: 11/33 MP: 2/9
   275 | D:4      | Found a glowing golden altar of the Shining One.
   358 | D:4      | Found an iron altar of Okawaru.
   359 | D:4      | Noticed an orc warrior
   368 | D:4      | Killed from afar by an orc priest

Illustrated notes

Levels and vault maps discovered:
D:1:      mushboom_english_gardens, layout_rooms
D:2:      layout_rooms
D:3:      layout_loops_ring, wad_floor_pattern_untrapped
D:4:      layout_basic, mainiacjoe_overflow_catwalk,
          mainiacjoe_overflow_chevrons, okawaru_trees_2, roderic_lattice_a,
          minmay_quadrilaterals

Skill      XL: |  1  2  3  4 |
---------------+-------------+-----
Spellcasting   | 3 |  3.0
Conjurations   | 2 3 |  3.0
Evocations     | 1 2 |  2.0
Dodging        | |  2.5
Stealth        | |  1.4
Fire Magic     | |  3.8

Action                   |  1- 3 |  4- 6 || total
-------------------------+-------+-------++-------
Melee: Unarmed           |     2 |       ||     2
       Staff             |     1 |     2 ||     3
 Cast: Foxfire           |    18 |     5 ||    23
  Use: Scroll            |     3 |       ||     3
       Potion            |       |     1 ||     1
Armor: Robe              |     4 |     1 ||     5
Dodge: Dodged            |     4 |     5 ||     9
